 Dungeon Crawl Stone Soup version 0.27.1-33-g824d729ab1 (webtiles) character file.

Game seed: 9594994731423508286

1 Sharkman1231 the Caller (level 1, -1/14 HPs)
             Began as a Demonspawn Wanderer on Dec 26, 2021.
             Frozen to death by an endoplasm (4 damage)
             ... on level 1 of the Dungeon.
             The game lasted 00:00:11 (147 turns).

Sharkman1231 the Caller (Demonspawn Wanderer)        Turns: 147, Time: 00:00:11

Health: -1/14      AC:  2    Str: 11    XL:     1   Next: 16%
Magic:  1/1        EV: 11    Int: 15    God:
Gold:   0          SH:  0    Dex: 11    Spells: 0/0 levels left

rFire    . . .     SeeInvis .   a - +0 club
rCold    . . .     Faith    .   (no shield)
rNeg     . . .     Spirit   .   b - +0 robe
rPois    .         Reflect  .   (no helmet)
rElec    .         Harm     .   (no cloak)
rCorr    .         Rampage  .   (no gloves)
Will     .....                  (no boots)
Stlth    +.........             (no amulet)
HPRegen  0.04/turn              (no ring)
MPRegen  0.07/turn              (no ring)

@: no status effects
A: no striking features
a: no special abilities


You were on level 1 of the Dungeon.
You visited 1 branch of the dungeon, and saw 1 of its levels.

Inventory:

Hand Weapons
 a - a +0 club (weapon)
Armour
 b - a +0 robe (worn)
Scrolls
 d - 3 scrolls of immolation {unknown}
 e - a scroll of fear {unknown}
Potions
 c - a potion of curing


   Skills:
 + Level 0.4 Fighting
 - Level 1.7 Short Blades
 - Level 1.0 Throwing
 - Level 1.0 Dodging
 - Level 1.0 Shields
 - Level 3.0 Summonings
 - Level 1.7 Earth Magic


You couldn't memorise any spells.
You knew the following spells:

 Your Spells              Type           Power      Damage    Failure   Level
a - Summon Small Mammal   Summ           36%        N/A       8%          1

Your spell library contained the following spells:

 Spells                   Type           Power      Damage    Failure   Level
 Call Imp                 Summ           9%         N/A       12%         2
 Call Canine Familiar     Summ           9%         N/A       24%         3
 Summon Guardian Golem    Hex/Summ       4%         N/A       41%         3
 Summon Lightning Spire   Summ/Air       4%         N/A       82%         4


Dungeon Overview and Level Annotations

Branches:
Dungeon (1/15)

Altars:


Message History

You see here a scroll labelled TISKUR JYMM.
The bat barely misses you. The bat misses you. The bat closely misses you.
The bat hits you. The bat hits you but does no damage.
The bat closely misses you. The bat barely misses you.
The bat hits you but does no damage. The bat completely misses you.
The bat barely misses you. The bat hits you but does no damage.
The bat hits you.
You closely miss the bat. The bat hits you. The bat misses you.
The bat hits you but does no damage.
You miss the bat. The bat barely misses you. The bat hits you.
You hit the bat.
The bat is moderately wounded.
The bat hits you but does no damage. The bat closely misses you.
You hit the bat.
You kill the bat!
You hit the endoplasm.
The endoplasm is lightly wounded.
The endoplasm closely misses you.
You hit the endoplasm.
The endoplasm is heavily wounded.
The endoplasm freezes you.
You are frozen.
You are too injured to fight recklessly!
You are too injured to fight recklessly!
You are too injured to fight recklessly!
You are too injured to fight recklessly!
You are too injured to fight recklessly!
You are too injured to fight recklessly!
You are too injured to fight recklessly!
You are too injured to fight recklessly!
You hit the endoplasm but do no damage.
The endoplasm is heavily wounded.
The endoplasm freezes you.
You are frozen.
* * * LOW HITPOINT WARNING * * *
The endoplasm freezes you.
You are frozen.
You die...

##.##....8#.8##..
#.##.###.##.###.#####
#.#..#8#.#.##<#.....# .#
##.#.#....#.#..#.....###.##
#8.#.#.#8#..#.##...........
##.#.#.###.##.#......###.#
#.#.##...##.##......# .# .
#.##.#####.##J#.....# .# ...
##.##.....##@##.....###.#....
##.#######.##.........†..#
##.......##..J........##.#
####8####..#.........#
####........?.....#
..####.#.........# ..
...............
...........#......
...................


You could see an endoplasm.

Vanquished Creatures
  A ball python (D:1)
  A bat (D:1)
2 creatures vanquished.

Notes
Turn   | Place    | Note
-------+----------+-------------------------------------------
     0 | D:1      | Sharkman1231 the Demonspawn Wanderer began the quest for
                  | the Orb.
     0 | D:1      | Sharkman1231 set off with the following items: a +0 club, a
                  | +0 robe, a potion of curing; and the following spell
                  | memorised: Summon Small Mammal; and the following spells
                  | available to memorise: Call Imp, Call Canine Familiar,
                  | Summon Guardian Golem, Summon Lightning Spire
     0 | D:1      | Reached XP level 1. HP: 13/13 MP: 1/1
   147 | D:1      | Frozen to death by an endoplasm

Illustrated notes

Levels and vault maps discovered:
D:1:      nagdon_arrival_double_spiral, layout_rooms, grunt_decor_one_mirror,
          chequers_decorated_corner

Action                   || total
-------------------------++-------
Melee: Club              ||    12
Armor: Robe              ||     6
Dodge: Dodged            ||    20
